 Dungeon Crawl Stone Soup version 0.30-a0-358-g0d69a1922f (webtiles) character file.

Game seed: 17018362392642852847

135 RascalDebosk the Magician (level 5, -1/37 HPs)
             Began as a Djinni Venom Mage on Nov 9, 2022.
             Slain by an adder (2 damage)
             ... on level 3 of the Dungeon.
             The game lasted 00:11:22 (1581 turns).

RascalDebosk the Magician (Djinni Venom Mage)       Turns: 1581, Time: 00:11:22

Health: -1/37      AC:  2    Str:  7    XL:     5   Next: 41%
Gold:   125        EV: 12    Int: 18    God:
                   SH:  0    Dex: 14

rFire   + + .      SeeInvis .    m - +2 great sword (elec)
rCold   x . .      Faith    .    (shield currently unavailable)
rNeg    . . .      Spirit   .    a - +0 robe
rPois   ∞          Reflect  .    (no helmet)
rElec   .          Harm     .    (no cloak)
rCorr   .          Rampage  .    (no gloves)
Will    .....                    (boots unavailable)
Stlth   ++........               (no amulet)
HPRegen 0.26/turn                (no ring)
MPRegen 0.00/turn                (no ring)

@: flying
A: sickness immunity, fire resistance 2, cold vulnerability 1, float, innate
caster, HP casting, extra vitality 1
a: no special abilities


You were on level 3 of the Dungeon.
You visited 1 branch of the dungeon, and saw 3 of its levels.

You collected 125 gold pieces.

Inventory:

Hand Weapons
 m - a +2 great sword of electrocution (weapon)
Armour
 a - a +0 robe (worn)
Wands
 p - a wand of paralysis (7)
Scrolls
 c - 4 scrolls of teleportation {unknown}
 f - a scroll of immolation {unknown}
 g - a scroll of identify {unknown}
 h - a scroll of fear {unknown}
 l - a scroll of magic mapping {unknown}
Potions
 b - 2 potions of might
 d - a potion of haste {unknown}
 e - a potion of ambrosia {unknown}
 i - a potion of mutation {unknown}
 j - a potion of lignification {unknown}
 k - a potion of heal wounds {unknown}
 n - a potion of flight {unknown}
 o - a potion of curing {unknown}


   Skills:
 + Level 1.1 Fighting
 - Level 2.1 Dodging
 - Level 1.5 Stealth
 * Level 4.2 Spellcasting


You couldn't memorise any spells.
You knew the following spells:

 Your Spells              Type           Power      Damage    Failure   Level
a - Sting                 Tmut/Pois      76%        1d6       2%          1
b - Poisonous Vapours     Pois/Air       38%        N/A       3%          2
c - Mephitic Cloud        Conj/Pois/Air  19%        N/A       8%          3
d - Olgreb's Toxic Radia  Pois           19%        N/A       24%         4
e - Shock                 Conj/Air       76%        1d7       2%          1
f - Blink                 Tloc           38%        N/A       3%          2
Your spell library was empty.

Dungeon Overview and Level Annotations

Branches:
Dungeon (3/15)

Altars:


Innate Abilities, Weirdness & Mutations

You are immune to sickness and miasma.
You are immune to poison.
Your flesh is very heat resistant. (rF++)
You are vulnerable to cold. (rC-)
You float through the air rather than walking.
You learn spells naturally, not from books.
Your magical power is your life essence.
You have superior vitality. (+4 MHP)


Message History

Press: ? - help, Dir - move target, f - orc
Aim: an orc, wielding a +0 hand axe and wearing a +0 chain mail (asleep) Poisonous vapours surround the orc!
The orc is poisoned.
The orc shouts!
You hear an angry hiss. x2
A frilled lizard comes into view.
Casting: Poisonous Vapours (safe; 4% risk of failure)
Confirm with . or Enter, or press ? or * to list all spells.
Aiming: Poisonous Vapours (safe; 4% risk of failure)
Press: ? - help, Dir - move target, f/p - orc
Aim: an orc, wielding a +0 hand axe and wearing a +0 chain mail (poisoned) Poisonous vapours surround the orc!
The orc looks even sicker.
Casting: Poisonous Vapours (safe; 4% risk of failure)
Confirm with . or Enter, or press ? or * to list all spells.
Aiming: Poisonous Vapours (safe; 4% risk of failure)
Press: ? - help, Dir - move target, f - frilled lizard, p - orc
Aim: a frilled lizard Poisonous vapours surround the frilled lizard!
The frilled lizard is poisoned.
You kill the frilled lizard!
An orc priest comes into view. It is wielding a +0 dagger.
Casting: Poisonous Vapours (safe; 4% risk of failure)
Confirm with . or Enter, or press ? or * to list all spells.
Aiming: Poisonous Vapours (safe; 4% risk of failure)
Press: ? - help, Dir - move target, f - orc priest
Aim: an orc priest, wielding a +0 dagger (wandering, hasn't noticed you)
You miscast Poisonous Vapours.
You are very lightly contaminated with residual magic.
Nothing appears to happen.
The orc priest shouts!
An orc comes into view. It is wielding a +0 flail.
Casting: Poisonous Vapours (safe; 4% risk of failure)
Confirm with . or Enter, or press ? or * to list all spells.
Aiming: Poisonous Vapours (safe; 4% risk of failure)
Press: ? - help, Dir - move target, f/p - orc priest
Aim: an orc priest, wielding a +0 dagger Poisonous vapours surround the orc priest!
The orc priest is poisoned.
The orc shouts!
You feel a bit more experienced.
Casting: Poisonous Vapours (safe; 4% risk of failure)
Confirm with . or Enter, or press ? or * to list all spells.
Aiming: Poisonous Vapours (safe; 4% risk of failure)
Press: ? - help, Dir - move target, f/p - orc priest
Aim: an orc priest, wielding a +0 dagger (poisoned) Poisonous vapours surround the orc priest!
The orc priest looks even sicker.
Casting: Poisonous Vapours (safe; 4% risk of failure)
Confirm with . or Enter, or press ? or * to list all spells.
Aiming: Poisonous Vapours (safe; 4% risk of failure)
Press: ? - help, Dir - move target, f - orc, p - orc priest
Aim: an orc, wielding a +0 flail and quivering boomerangs Poisonous vapours surround the orc!
The orc is poisoned.
The orc priest mumbles some strange prayers to Beogh against you.
Pain shoots through your body!
Casting: Poisonous Vapours (safe; 4% risk of failure)
Confirm with . or Enter, or press ? or * to list all spells.
Aiming: Mephitic Cloud (dangerous; 8% risk of failure)
Press: ? - help, Shift-Dir - straight line, f - orc priest, p - orc
Aim: an orc priest, wielding a +0 dagger (lightly wounded, very poisoned, chance to affect: 86%)
The ball explodes into a vile cloud!
The stinking cloud engulfs the orc priest but does no damage.
The orc priest is lightly wounded.
The stinking cloud engulfs the orc but does no damage.
* * * LOW HITPOINT WARNING * * *
You hear an angry hiss.
You hear a shout!
The orc priest is engulfed in noxious fumes.
The orc priest appears confused.
The orc priest is engulfed in noxious fumes.
The orc priest appears confused.
The orc priest barely misses you.
You completely miss the orc priest.
The orc priest is lightly wounded.
The orc priest closely misses you.
An adder comes into view.
The orc priest hits you with a +0 dagger.
* * * LOW HITPOINT WARNING * * *
Your magical contamination has completely faded away.
You slash the orc priest!
The orc priest is severely wounded.
The orc looks more healthy.
The orc priest barely misses you. The orc hits you with a +0 flail.
* * * LOW HITPOINT WARNING * * *
The orc priest hits the orc with a +0 dagger.
The orc priest hits itself with a +0 dagger.
The orc priest is killed!
The orc hits you with a +0 flail!
* * * LOW HITPOINT WARNING * * *
Your Fighting skill increases to level 1!
You slash the orc!
You kill the orc!
The adder completely misses you.
Casting: Mephitic Cloud (dangerous; 8% risk of failure)
Confirm with . or Enter, or press ? or * to list all spells.
Aiming: Poisonous Vapours (safe; 3% risk of failure)
Press: ? - help, Dir - move target, f - adder
Aim: an adder Poisonous vapours surround the adder!
The adder is poisoned.
* * * LOW HITPOINT WARNING * * *
The adder bites you.
You die...

#.##.### #......#
#.##.#.#
###....#.######
#..............
###.#.##.......#.
...........###...
###.#.##.### #
..... #@#
##....)S#
#.#..#.# #..#.#
#. #†# .. #.# ..
... ... ...


You could see an adder (very poisoned).

Vanquished Creatures
  An orc priest (D:3)
  Ijyb (D:3)
  3 adders (D:2)
  A dart slug (D:1)
  3 orcs (D:3)
  2 bats
  2 endoplasms (D:1)
  2 giant cockroaches
  A goblin (D:2)
  6 hobgoblins
  7 jackals
  2 kobolds (D:2)
  3 quokkas
  3 ball pythons
  3 frilled lizards
  7 rats
47 creatures vanquished.

Notes
Turn   | Place    | Note
-------+----------+-------------------------------------------
     0 | D:1      | RascalDebosk the Djinni Venom Mage began the quest for the
                  | Orb.
     0 | D:1      | RascalDebosk set off with the following spells memorised:
                  | Sting, Poisonous Vapours, Mephitic Cloud, Olgreb's Toxic
                  | Radiance.
     0 | D:1      | Reached XP level 1. HP: 15/15 MP: 0/0
   124 | D:1      | Reached XP level 2. HP: 18/21 MP: 0/0
   136 | D:1      | Reached skill level 3 in Spellcasting
   356 | D:1      | Reached XP level 3. HP: 17/25 MP: 0/0
   356 | D:1      | Learned a level 1 spell: Shock
   806 | D:2      | Reached XP level 4. HP: 29/31 MP: 0/0
  1490 | D:3      | Noticed Ijyb
  1498 | D:3      | Killed Ijyb
  1499 | D:3      | Reached skill level 4 in Spellcasting
  1499 | D:3      | Reached XP level 5. HP: 24/36 MP: 0/0
  1499 | D:3      | Learned a level 2 spell: Blink
  1580 | D:3      | Reached skill level 1 in Fighting
  1581 | D:3      | Slain by an adder

Illustrated notes

Levels and vault maps discovered:
D:1:      mainiacjoe_arrival_reflecting_pool, layout_rooms,
          chequers_decorated_corner
D:2:      layout_basic, minivault_5
D:3:      layout_loops_cross, nicolae_ashenzari_panopticon,
          nicolae_wu_jian_immortal_techniques, mainiacjoe_overflow_24_doors,
          lemuel_crystal_altar, corexii_item_surrounded_by_moat, uniq_ijyb

Skill      XL: |  1  2  3  4  5 |
---------------+----------------+-----
Spellcasting   | 3 4 |  4.2
Fighting       | 1 |  1.1
Dodging        | |  2.1
Stealth        | |  1.5

Action                   |  1- 3 |  4- 6 || total
-------------------------+-------+-------++-------
Melee: Great sword       |       |    11 ||    11
 Cast: Sting             |    34 |       ||    34
       Shock             |    19 |     6 ||    25
       Poisonous Vapours |     4 |    16 ||    20
       Mephitic Cloud    |     1 |     4 ||     5
       Olgreb's Toxic Ra |       |     1 ||     1
 Stab: Confused          |       |     1 ||     1
Armor: Robe              |     4 |     1 ||     5
Dodge: Dodged            |     7 |     8 ||    15

Table legend: (Time is in decaauts)
 A = Elapsed time spent in this place.
 B = Non-inter-level travel time spent in this place.
 C = Inter-level travel time spent in this place.
 D = Time resting spent in this place.
 E = Time spent auto-exploring this place.
 F = Levels seen in this place.
 G = Mean time per level.
                   A        B        C        D        E       F      G
               +--------+--------+--------+--------+--------+-----+--------+
         Total |   1587 |   1527 |     60 |     53 |   1213 |   3 |  529.0 |
       Dungeon |   1587 |   1527 |     60 |     53 |   1213 |   3 |  529.0 |
               +--------+--------+--------+--------+--------+-----+--------+

Top non-repeatable levels by time:
     D:2: 862 daAuts
     D:1: 597 daAuts
     D:3: 128 daAuts
